 Dungeon Crawl Stone Soup version 0.25-a0-424-g80bd347ae0 (webtiles) character file.

Game seed: 5132803568566071817, levelgen mode: deterministic

155 zorance the Conjurer (level 5, -4/49 HPs)
             Began as an Ogre Conjurer on Jan 20, 2020.
             Slain by an orc warrior
             ... wielding a +0 halberd
              (14 damage)
             ... on level 2 of the Dungeon.
             The game lasted 00:16:28 (3537 turns).

zorance the Conjurer (Ogre Conjurer)                Turns: 3537, Time: 00:16:28

Health: -4/49      AC:  5    Str: 12    XL:     5   Next: 37%
Magic:  5/11       EV: 10    Int: 17    God:
Gold:   138        SH:  0    Dex:  9    Spells: 6/12 levels left

rFire    . . .     SeeInvis .   s - +1 dagger (venom)
rCold    . . .     Gourm    .   (no shield)
rNeg     . . .     Faith    .   a - +0 robe
rPois    .         Spirit   .   h - +2 hat
rElec    .         Reflect  .   t - scarf {cloud immunity}
rCorr    .         Harm     .   (gloves unavailable)
MR       .....                  (boots unavailable)
Stlth    +.........             (no amulet)
HPRegen  0.16/turn              (no ring)
MPRegen  0.12/turn              (no ring)

@: no status effects
A: large, unfitting armour, tough skin 1
a: no special abilities


You were on level 2 of the Dungeon.
You were not hungry.

You visited 1 branch of the dungeon, and saw 3 of its levels.

You collected 138 gold pieces.

Inventory:

Hand Weapons
 d - a +0 club
 j - a +0 spear
 s - a +1 dagger of venom (weapon)
Missiles
 b - 160 stones (quivered)
 u - a throwing net
Armour
 a - a +0 robe (worn)
 h - a +2 hat (worn)
 t - a scarf of cloud immunity (worn)
Jewellery
 g - a +4 ring of intelligence {unknown}
Scrolls
 i - 4 scrolls of identify {unknown}
 n - a scroll of magic mapping {unknown}
 p - a scroll of enchant armour {unknown}
 v - a scroll of random uselessness {unknown}
 w - a scroll of remove curse {unknown}
 x - a scroll of noise {unknown}
 y - a scroll of fog {unknown}
 A - a scroll of fear {unknown}
Potions
 c - a potion of lignification {unknown}
 f - a potion of flight {unknown}
 k - a potion of haste {unknown}
 l - a potion of heal wounds {unknown}
 m - a potion of might {unknown}
 o - a potion of brilliance {unknown}
 q - a potion of agility {unknown}
 r - a potion of curing {unknown}
Comestibles
 e - 5 rations


   Skills:
 + Level 2.3 Fighting
 - Level 1.7 Dodging
 - Level 1.4 Stealth
 + Level 4.2 Spellcasting
 + Level 4.6 Conjurations
 + Level 0.5 Hexes


You had 6 spell levels left.
You knew the following spells:

 Your Spells              Type           Power        Failure   Level  Hunger
a - Magic Dart            Conj           ###.         2%          1    None
b - Searing Ray           Conj           ###...       3%          2    ##.....
c - Dazzling Flash        Conj/Hex       ##....       16%         3    ###....

Your spell library contained the following spells:

 Spells                   Type           Power        Failure   Level  Hunger
 Fulminant Prism          Conj/Hex       ##........   47%         4    ####...
 Iskenderun's Mystic Bla  Conj/Tloc      ##......     52%         4    ####...


Dungeon Overview and Level Annotations

Branches:
Dungeon (3/15)

Altars:
Uskayaw

Annotations:
D:2 Sigmund


Innate Abilities, Weirdness & Mutations

You are too large for most types of armour.
You have tough skin. (AC +1)


Message History

The orc warrior hits you from afar with a +0 halberd!!
There is an open door here.
You see here a +0 club.
Sigmund shouts!
You hear an angry hiss.
Sigmund closely misses you.
Casting: Searing Ray (safe; 3% risk of failure)
Confirm with . or Enter, or press ? or * to list all spells.
The orc warrior barely misses you. Sigmund closely misses you.
The orc warrior closely misses you.
You hit the orc warrior but do no damage.
The orc warrior is poisoned.
Sigmund misses you.
The orc warrior hits you with a +0 halberd!
* * * LOW HITPOINT WARNING * * *
You closely miss the orc warrior.
You hit the orc warrior but do no damage.
The orc warrior looks as sick as possible!
The orc warrior is lightly wounded.
Sigmund barely misses you.
The orc warrior hits you with a +0 halberd!
You die...

#.# #.#.......#.# #.##......#
#.# #.#....####.###.##......#
##'###.#....'.......)##@.....) #
#....#.#....####.##### #
#....'.).......#.######
###....#.#.......#......#.......
..#....#.#.....#.#......+.......
#.##'#.#.#####.####.....#......
.....#...# #.o@.@...........
###################.........#
.....>............'.........#
####........#######.........#
####.....รท..#...............#
..##........#........###.<..#
..##........#.....>..# #....#
..##...)....#........# #....#
..##...>....#........# #....#


You could see Sigmund and an orc warrior.

Vanquished Creatures
  2 orc priests (D:2)
  An adder (D:2)
  2 oozes
  2 worms (D:2)
  A dart slug (D:1)
  5 leopard geckos
  5 orcs
  A ball python (D:2)
  3 giant cockroaches
  5 goblins
  7 hobgoblins
  3 jackals (D:2)
  A quokka (D:2)
  4 bats
  2 frilled lizards (D:1)
  8 kobolds
  10 rats
62 creatures vanquished.

Notes
Turn   | Place    | Note
-------+----------+-------------------------------------------
     0 | D:1      | zorance the Ogre Conjurer began the quest for the Orb.
     0 | D:1      | Reached XP level 1. HP: 16/16 MP: 3/3
   198 | D:1      | Reached XP level 2. HP: 24/24 MP: 2/5
   270 | D:1      | Learned a level 2 spell: Searing Ray
   585 | D:1      | Reached XP level 3. HP: 31/31 MP: 1/7
  1244 | D:2      | Found a hide-covered altar of Uskayaw.
  1648 | D:2      | Reached XP level 4. HP: 40/40 MP: 6/9
  1680 | D:2      | Noticed Sigmund
  1761 | D:2      | Reached skill level 1 in Fighting
  2089 | D:2      | Noticed an orc warrior
  2747 | D:3      | Reached XP level 5. HP: 49/49 MP: 7/11
  2866 | D:3      | Learned a level 3 spell: Dazzling Flash
  3537 | D:2      | Slain by an orc warrior

Levels and vault maps discovered:
D:1:      dpeg_arrival_rooms_b, layout_basic, chequers_arboretum,
          minmay_tromino_v2
D:2:      layout_basic, lemuel_crystal_altar, uniq_natasha, uniq_sigmund
D:3:      layout_rooms, due_unseen_surprise

Skill      XL: |  1  2  3  4 |
---------------+-------------+-----
Spellcasting   | 3 4 |  4.2
Conjurations   | 4 |  4.6
Fighting       | 2 |  2.3
Dodging        | |  1.7
Stealth        | |  1.4
Hexes          | |  0.5

Action                   |  1- 3 |  4- 6 || total
-------------------------+-------+-------++-------
Melee: Dagger            |       |     5 ||     5
 Cast: Magic Dart        |    71 |    40 ||   111
       Searing Ray       |     3 |     7 ||    10
       Dazzling Flash    |       |     4 ||     4
  Eat: Chunk             |     2 |     5 ||     7
       Ration            |       |     1 ||     1
Armor: Robe              |     3 |     3 ||     6
Dodge: Dodged            |     5 |    22 ||    27

Table legend:
 A = Non-vault XP
 B = Vault XP
 C = Vault XP percentage of total XP
 D = Non-vault monster count
 E = Vault monster count
 F = Vault count percentage of total count
                 A         B        C        D         E       F
            +---------+---------+-------+---------+---------+-------
      Total |     218 |       4 |   1.8 |      60 |       2 |   3.2
            +---------+---------+-------+---------+---------+-------
        D:1 |      46 |       4 |   8.0 |      24 |       2 |   7.7
        D:2 |     149 |       0 |   0.0 |      24 |       0 |   0.0
        D:3 |      23 |       0 |   0.0 |      12 |       0 |   0.0
            +---------+---------+-------+---------+---------+-------
